 Dungeon Crawl Stone Soup version 0.15-a0-187-g0bb430c (webtiles) character file.

1350 PolkaDot the Jinx (level 8, 0/52 HPs)
             Began as a Vampire Enchanter on Apr 21, 2014.
             Killed from afar by a white imp (3 damage)
             ... with a puff of frost
             ... summoned by W0nk0's ghost
             ... on Level 6 of the Dungeon.
             The game lasted 00:22:40 (4787 turns).

PolkaDot the Jinx (Vampire Enchanter)               Turns: 4787, Time: 00:22:40

HP   0/52        AC  8     Str  7      XL: 8   Next: 13%
MP   7/13        EV 13     Int 17      God:
Gold 223         SH  0     Dex 18      Spells:  4 memorised,  3 levels left

rFire  . . .     SeeInvis +     a - +1 short sword (speed)
rCold  + + .     Clarity  .     y - +2 robe
rNeg   + + +     Conserve .     (no shield)
rPois  +         rCorr    .     (no helmet)
rElec  .         rRot     +     g - +2 cloak
SustAb . .       Spirit   .     (no gloves)
rMut   .         Warding  .     l - +0 pair of boots
Saprov . . .     Stasis   .     (no amulet)
MR     +....                    (no ring)
                                h - ring of protection from magic

@: non-regenerating, somewhat resistant to hostile enchantments, extremely
stealthy
A: bottle blood, fangs 3, see invisible, agile 1, unbreathing
a: Bat Form, Bottle Blood


You were on level 6 of the Dungeon.
You were bloodless.

You visited 1 branch of the dungeon, and saw 6 of its levels.

You collected 223 gold pieces.

Inventory:

Hand weapons
 a - a +1,+1 short sword of speed (weapon)
 b - a +2,+1 dagger of speed
 p - the +5,+6 spear of Biohiesch {holy, +Rage, unknown}
   (You found it on level 4 of the Dungeon)

   It has been blessed by the Shining One to cause great damage to the undead
   and demons.
   It lets you go berserk.
Missiles
 d - 12 darts (quivered)
Armour
 g - a +2 cloak (worn)
 l - a +0 pair of boots (worn)
 y - a +2 robe (worn)
Magical devices
 r - a wand of enslavement (11) {unknown}
 u - a wand of magic darts (12) {unknown}
 w - a wand of teleportation (6) {unknown}
 z - a wand of disintegration (6) {unknown}
Scrolls
 f - 2 scrolls of remove curse
 o - a scroll of enchant armour
 q - 2 scrolls of enchant weapon I
 x - 2 scrolls of identify
Jewellery
 h - a ring of protection from magic (left hand)
 k - an uncursed amulet of stasis
 v - an uncursed amulet of resist corrosion {unknown}
Potions
 e - 2 potions of poison {!q}
 i - 3 potions of curing
 t - a potion of flight
Books
 c - a book of Maledictions

   Spells                             Type                      Level
   *Corona                            Hexes                        1
   *Sure Blade                        Hexes/Charms                 2
   *Ensorcelled Hibernation           Hexes/Ice                    2
   *Confuse                           Hexes                        3
   Dazzling Spray                     Conjuration/Hexes            3
   Enslavement                        Hexes                        4
 j - a book of Wizardry

   Spells                             Type                      Level
   Summon Elemental                   Summoning                    4
   Agony                              Necromancy                   5
   Force Lance                        Conjuration                  5
   Haste                              Charms                       6
   Invisibility                       Hexes                        6
   Spellforged Servitor               Conjuration/Summoning        7


   Skills:
 - Level 2.4 Short Blades
 - Level 0.8 Throwing
 - Level 2.4 Dodging
 + Level 9.2 Stealth
 - Level 2.0 Spellcasting
 * Level 11.2 Hexes


You had 3 spell levels left.
You knew the following spells:

 Your Spells              Type           Power        Failure   Level  Hunger
a - Corona                Hex            #####..      1%          1    #......
b - Sure Blade            Hex/Chrm       ###.......   2%          2    ##.....
c - Confuse               Hex            #####...     1%          3    ####...
d - Ensorcelled Hibernat  Hex/Ice        ###...       2%          2    ##.....


Dungeon Overview and Level Annotations

Branches:
Dungeon (6/15)
 Temple: D:4-7

Altars:
Okawaru

Shops:
D:4 *

Annotations:
D:6 W0nk0's ghost, experienced TeSu


Innate Abilities, Weirdness & Mutations

You do not heal naturally.
You can bottle blood from corpses.
You have razor-sharp teeth.*
You have supernaturally acute eyesight.
You can survive without breathing.*
You are agile. (Dex +2)


Message History

The gnoll sergeant hits you but does no damage.
Things that are here:
a hound corpse; a jackal corpse; a whip You feel a little less mighty now.
The gnoll is no longer moving quickly.
W0nk0's ghost (experienced Tengu Summoner) comes into view.
W0nk0's ghost turns its malevolent gaze towards you.
W0nk0's ghost wails.
W0nk0's ghost barely misses you. W0nk0's ghost completely misses you.
W0nk0's ghost casts a spell.
You feel a little less agile now.
W0nk0's ghost keens inconsolably.
W0nk0's ghost mumbles some strange words.
The white imp summons a swarm of flies.
The shadow imp gestures at you.
You easily resist.
The white imp gestures at you. The puff of frost hits you! You resist.
You die...

...........##
............##
.............##
..............##
....(....go.g..##
............o%..##
......(....5.5...##
.............p...<##
.............g..@.<#
.................<##
................##
..............##
..........##
.......## .....##
...##


You could see an orc warrior, 2 gnoll sergeants, W0nk0's ghost, a gnoll, a white
imp, a shadow imp and an orc.

Vanquished Creatures
  The ghost of Froboctopus the Ducker, an average FeMo of Nemelex Xobeh (D:4)
  A sky beast (D:5)
  An ice beast (D:5)
  A black bear (D:6)
  5 wights (D:5)
  A jelly (D:5)
  A crimson imp (D:5)
  3 orc wizards
  A centaur skeleton (D:5)
  2 hounds (D:6)
  A worker ant (D:6)
  8 gnolls
  6 adders
  3 worms
  4 giant geckos
  15 orcs
  4 bats
  5 giant cockroaches
  10 hobgoblins
  7 jackals
  16 kobolds
  6 quokkas
  3 ball pythons
  4 giant newts
  15 goblins
  6 rats
130 creatures vanquished.

Notes
Turn   | Place    | Note
--------------------------------------------------------------
     0 | D:1      | PolkaDot, the Vampire Enchanter, began the quest for the Orb.
     0 | D:1      | Reached XP level 1. HP: 13/13 MP: 3/3
   183 | D:1      | Reached XP level 2. HP: 16/19 MP: 4/4
   187 | D:1      | Learned a level 2 spell: Ensorcelled Hibernation
   887 | D:2      | Reached XP level 3. HP: 10/24 MP: 1/6
   980 | D:2      | Reached skill level 5 in Hexes
  1197 | D:2      | Reached XP level 4. HP: 26/30 MP: 4/7
  1976 | D:3      | Reached skill level 6 in Hexes
  2058 | D:3      | Reached skill level 5 in Stealth
  2282 | D:3      | Gained mutation: You are agile. (Dex +2) [potion of beneficial mutation]
  2319 | D:3      | Reached XP level 5. HP: 35/35 MP: 9/9
  2529 | D:4      | Noticed Froboctopus' ghost (average FeMo)
  2595 | D:4      | Found Egu Stra's General Store.
  2625 | D:4      | Got a brightly glowing spear
  2694 | D:4      | Reached skill level 7 in Hexes
  3150 | D:3      | Learned a level 3 spell: Confuse
  3446 | D:4      | Learned a level 2 spell: Sure Blade
  3452 | D:4      | Killed Froboctopus' ghost
  3452 | D:4      | Reached skill level 8 in Hexes
  3452 | D:4      | Reached XP level 6. HP: 41/41 MP: 0/10
  3580 | D:5      | Entered Level 5 of the Dungeon
  3664 | D:5      | Found an iron altar of Okawaru.
  3961 | D:5      | Reached skill level 9 in Hexes
  3961 | D:5      | Reached XP level 7. HP: 39/46 MP: 9/12
  4214 | D:5      | Reached skill level 10 in Hexes
  4627 | D:6      | Reached XP level 8. HP: 52/52 MP: 13/13
  4634 | D:6      | Reached skill level 11 in Hexes
  4774 | D:6      | Noticed W0nk0's ghost (experienced TeSu)
  4787 | D:6      | Killed from afar by a white imp

Action                   |  1- 3 |  4- 6 |  7- 9 || total
-------------------------+-------+-------+-------++-------
Melee: Dagger            |   113 |   194 |   111 ||   418
       Short sword       |       |       |     2 ||     2
 Cast: Corona            |     2 |     1 |       ||     3
       Ensorcelled Hiber |    10 |    38 |    20 ||    68
       Confuse           |       |     5 |     7 ||    12
  Use: Potion            |     3 |     8 |     3 ||    14
       Scroll            |     3 |    13 |       ||    16
 Stab: Sleeping          |    11 |    31 |    18 ||    60
       Distracted        |     1 |     2 |     1 ||     4
       Confused          |       |     2 |     7 ||     9
